AoeStats
← DENNIS

Hideout

510197603Analyzed
1v1 RM · 3d ago on Sep 29, 2026· 27m 48s· 2 players
Game mode
Random Map
Map size
Tiny (2 player)
Population
200
Speed
Normal
Resources
Standard
Victory
Conquest
Starting age
Dark Age
Ending age
Imperial Age
RankedLock teamsTeams togetherTeam positionsShared explorationLock speedFull tech treeHidden civsTurbo modeCheats
Victory
Defeat
🇫🇷 Romans · France
1210
+19
🇸🇪 Celts · Sweden
1266
-19
Aben
6:01 Loom
6:38 Loom
8:48 Feudal Age
9:21 Man-at-Arms
12:32 Fletching
18:28 Scale Mail Armor
18:30 Double-Bit Axe
23:46 Castle Age
22:51 Forging
24:46 Chain Mail Armor
23:52 Long Swordsman
25:33 Squires
27:55 Gold Mining
29:01 Iron Casting
DENNIS
5:10 Loom
10:29 Feudal Age
20:09 Castle Age
20:34 Double-Bit Axe
23:13 Bow Saw
23:05 Loom
Connection lost

Rejoining the realm…

Still unreachable

The connection could not be restored.

Session expired

The server has moved on; the page needs a fresh start.